 Dungeon Sprint DCSS version 0.21.1-1-g345015f (webtiles) character file.

2700000 Fang the Sabretooth (level 12, -44/75 HPs)
             Began as a Felid Fighter on Apr 16, 2018.
             Was a Believer of Makhleb.
             Annihilated by a destroyer
             ... wielding a +9 great sword of slicing
              (119 damage)
             ... in the Dungeon (Sprint VIII: "Arena of Blood").
             The game lasted 00:00:57 (27 turns).

Fang the Sabretooth (Felid Fighter)                   Turns: 27, Time: 00:00:58

Health: -44/75     AC:  3    Str: 16    XL:     12   Next: 85%
Magic:  13/13      EV: 38    Int: 10    God:    Makhleb [**....]
Gold:   0          SH:  0    Dex: 16    Spells: 11/11 levels left
                                        Lives:  0   Deaths: 3

rFire    . . .     SeeInvis +     - Unarmed
rCold    + . .     Gourm    .   (shield unavailable)
rNeg     . . .     Faith    .   (armour unavailable)
rPois    .         Spirit   .   (helmet unavailable)
rElec    .         Reflect  .   (cloak unavailable)
rCorr    .         Harm     .   (gloves unavailable)
MR       +....     NoTele   +   (boots unavailable)
Stlth    +++.......             (no amulet)
HPRegen  0.22/turn              i - +27000 ring of slaying
MPRegen  0.13/turn              (no ring)

@: quick
A: very small, no armour, no weapons or thrown items, stealth, claws 1, fangs 3,
see invisible, carnivore, speed 1, shaggy fur 3, slow metabolism 1, sharp paws
a: Minor Destruction, Renounce Religion


You were in the Dungeon.
You worshipped Makhleb.
Makhleb was pleased with you.
You were not hungry.

You visited 1 branch

Inventory:

Jewellery
 i - a +27000 ring of slaying (left paw)
Scrolls
 h - a scroll of blinking
Potions
 a - a potion of might
 c - a potion of curing
 d - a potion of heal wounds
 e - a potion of haste
 f - 2 potions of magic
 g - a potion of berserk rage
Comestibles
 b - a ration


   Skills:
 + Level 22.2 Fighting
 + Level 26.5 Dodging
 + Level 3.4 Stealth
 O Level 27 Unarmed Combat


You had 11 spell levels left.
You didn't know any spells.

Dungeon Overview and Level Annotations

Branches:
Dungeon (1/1)

Altars:
Makhleb


Innate Abilities, Weirdness & Mutations

You cannot wear armour.
You are incapable of wielding weapons or throwing items.
Your paws allow you to move quietly. (Stealth)
You have sharp claws.
You have razor-sharp teeth.
You have supernaturally acute eyesight. (SInv)
You are carnivorous and can eat meat at any time.
You cover ground quickly.
Your thick and shaggy fur keeps you warm. (AC +3, rC+)
You have a slow metabolism.
Your sharp claws are effective at attacking unaware monsters.


Message History

The meat berserker hits you with a +9 battleaxe!
You hear a shout! x3
You are now level 12!
You rejoin the land of the living...
A meat berserker comes into view. It is wielding a +9 battleaxe.
A meat berserker comes into view. It is wielding a +9 battleaxe.
The meat berserker shouts! x2; You hear a shout! x9
The destroyer blinks!
A meat berserker comes into view. It is wielding a +9 battleaxe.
Unknown command.
You hear a shout! x3; You hear two shouts!
Unknown command.
You hear a shout!
The meat berserker rages.
You hear a shout! x7
A bag of meat comes into view. It is wielding a +9 war axe.
The bag of meat shouts!
You hear a shout! x4
The destroyer hits you with a +9 great sword of slicing!!!!
Ouch! That really hurt!
You die...

.............
Oo......#.#o..... ..
oo..............####..
...o...............O.. ...
...oo................. ...
.................O....
.o.......o.o.....V.O......
...O #...o)..#@.........
.#.o. #...)...#.......O..
.....###..O.O..###o.......
.....o..oo###.............
#..o)o.o._..............
#.......#Oo.§O#.......#.#.
........#_.<._#...........
#.......#.V...#O.....#.#.#
..#......V._.oO.........


You could see a destroyer, 4 meat berserkers and 4 bags of meat.

Vanquished Creatures
  An ogre (D)
  4 orcs (D)
5 creatures vanquished.

Notes
Turn   | Place    | Note
-------+----------+-------------------------------------------
     0 | D        | Fang the Felid Fighter began the quest for the Orb.
     0 | D        | Reached XP level 1. HP: 10/10 MP: 2/2
     3 | D        | Noticed a bag of meat
     4 | D        | Became a worshipper of Makhleb the Destroyer
     5 | D        | Noticed a bag of meat
     7 | D        | Noticed a bag of meat
     7 | D        | Noticed a bag of meat
     7 | D        | Noticed a bag of meat
     8 | D        | Noticed a bag of meat
     8 | D        | Noticed a bag of meat
     8 | D        | Noticed a meat berserker
    10 | D        | Killed a bag of meat
    10 | D        | Reached skill level 21 in Unarmed Combat
    10 | D        | Reached XP level 2. HP: 24/24 MP: 3/3
    10 | D        | Reached XP level 3. HP: 28/28 MP: 4/4
    10 | D        | Reached XP level 4. HP: 32/32 MP: 5/5
    10 | D        | Reached XP level 5. HP: 36/36 MP: 6/6
    10 | D        | Gained mutation: You are covered in thick fur. (AC +2) [Felid growth]
    10 | D        | Reached XP level 6. HP: 40/40 MP: 7/7
    10 | D        | Reached XP level 7. HP: 43/43 MP: 8/8
    10 | D        | Reached XP level 8. HP: 48/48 MP: 9/9
    10 | D        | Reached XP level 9. HP: 51/51 MP: 10/10
    10 | D        | Reached XP level 10. HP: 55/55 MP: 11/11
    10 | D        | Reached XP level 11. HP: 59/59 MP: 12/12
    11 | D        | Noticed a bag of meat
    12 | D        | Killed a bag of meat
    12 | D        | Reached * piety under Makhleb
    12 | D        | Reached skill level 15 in Fighting
    12 | D        | Reached skill level 23 in Unarmed Combat
    12 | D        | Gained mutation: Your thick and shaggy fur keeps you warm. (AC +3, rC+) [Felid growth]
    12 | D        | Reached XP level 12. HP: 40/66 MP: 13/13
    13 | D        | Noticed a bag of meat
    13 | D        | Noticed a bag of meat
    13 | D        | Slain by a bag of meat
    14 | D        | Reached XP level 11. HP: -1/62 MP: 12/12
    14 | D        | Noticed a bag of meat
    14 | D        | Noticed a meat berserker
    14 | D        | Noticed a meat berserker
    14 | D        | Noticed a meat berserker
    15 | D        | Noticed a bag of meat
    16 | D        | Noticed a bag of meat
    16 | D        | Noticed a meat berserker
    16 | D        | Killed a bag of meat
    16 | D        | Reached skill level 25 in Unarmed Combat
    16 | D        | Reached XP level 12. HP: 24/68 MP: 13/13
    16 | D        | Reached XP level 13. HP: 25/72 MP: 14/14
    17 | D        | Noticed a bag of meat
    17 | D        | Killed a meat berserker
    17 | D        | Reached skill level 27 in Unarmed Combat
    17 | D        | Reached XP level 14. HP: 29/81 MP: 15/15
    18 | D        | Noticed a bag of meat
    18 | D        | Noticed a meat berserker
    18 | D        | Killed a bag of meat
    18 | D        | Reached ** piety under Makhleb
    19 | D        | Noticed a bag of meat
    19 | D        | Noticed a bag of meat
    19 | D        | Annihilated by a meat berserker
    20 | D        | Reached XP level 13. HP: -44/79 MP: 14/14
    20 | D        | Noticed a bag of meat
    20 | D        | Noticed a bag of meat
    20 | D        | Noticed a bag of meat
    20 | D        | Noticed a meat berserker
    20 | D        | Noticed a large bag of meat
    20 | D        | Noticed a bag of meat
    20 | D        | Noticed a large bag of meat
    21 | D        | Noticed a meat berserker
    21 | D        | Noticed a bag of meat
    21 | D        | Noticed a bag of meat
    22 | D        | Noticed a destroyer
    22 | D        | Noticed a destroyer
    23 | D        | Mangled by a meat berserker
    24 | D        | Reached XP level 12. HP: -13/75 MP: 13/13
    24 | D        | Noticed a meat berserker
    24 | D        | Noticed a meat berserker
    25 | D        | Noticed a meat berserker
    27 | D        | Noticed a bag of meat
    27 | D        | Annihilated by a destroyer

Skill      XL: |  1  2  3  4  5  6  7  8  9 10 11 12 13 14 |
---------------+-------------------------------------------+-----
Fighting       | 13 17 20 22 | 22.2
Dodging        | 16 20 24 26 | 26.5
Unarmed Combat | 21 25 27 | 27.0
Stealth        | 3 |  3.4

Action                   |  1- 3 |  4- 6 |  7- 9 | 10-12 | 13-15 || total
-------------------------+-------+-------+-------+-------+-------++-------
Melee: Unarmed           |     2 |       |       |     2 |     2 ||     6
Dodge: Dodged            |     1 |       |       |     2 |     2 ||     5
